Map: Prion Terraces

Players

RepOduCK

  • Race: Zerg Zerg
  • League: Diamond

Fullmetal - Winner!

  • Race: Terran Terran
  • League: Master

VOD

Have the link to the VOD?

Description

Time

  • Played on: Nov. 16, 2015, 10:48 p.m.
  • Length: 11:13
Show
View Real Time Build Order
Export as new Build Order

RepOduCK Zerg 

Build Orders: Hatch First 

Get SALT Encoding   

  12  0:00  Drone  
  13  0:12  Overlord  
  13  0:17  Drone  
  14  0:31  Drone x2  
  16  0:49  Hatchery  
  15  0:51  Drone  
  15  0:55  Drone  
  17  1:09  Spawning Pool  
  16  1:12  Drone  
  16  1:15  Drone  
  16  1:18  Extractor  
  17  1:21  Drone  
  18  1:33  Drone  
  19  1:41  Overlord  
  19  1:56  Queen  
  19  1:57  Zergling x2  
  19  2:00  Queen  
  24  2:01  Zergling x4  
  26  2:16  Drone x2  
  28  2:23  Metabolic Boost  
  28  2:25  Drone  
  28  2:26  Drone  
  30  2:35  Overlord  
  30  2:36  Queen  
  32  2:39  Drone  
  33  2:46  Drone x2  
  35  2:54  Drone  
  35  2:55  Drone  
  36  3:11  Overlord  
  36  3:12  Queen  
  38  3:13  Drone  
  38  3:17  Drone x2  
  41  3:30  Overlord  
  41  3:31  Drone x5, Extractor  
  41  3:32  Drone x2  
  47  3:44  Drone x2  
  49  3:56  Drone x2  
  49  3:59  Roach Warren  
  49  4:02  Zergling x8  
  54  4:03  Zergling x4  
  54  4:07  Queen  
  56  4:11  Extractor  
  56  4:12  Overlord x2  
  56  4:14  Lair  
  55  4:23  Hatchery  
  54  4:33  Drone x4  
  54  4:38  Extractor  
  57  4:42  Roach x3  
  63  4:50  Roach  
  63  4:51  Roach  
  67  4:56  Drone  
  67  4:57  Overlord  
  68  5:08  Evolution Chamber  
  68  5:09  Evolution Chamber  
  68  5:10  Drone x2  
  68  5:17  Drone x4  
  68  5:18  Drone x4  
  76  5:28  Overlord x2  
  75  5:31  Spire  
  73  5:47  Drone x5  
  77  5:54  Spore Crawler  
  73  5:58  Drone x4  
  75  6:12  Hatchery  
  75  6:14  Zerg Ground Armor Level 1, Zerg Melee Weapons Level 1  
  67  6:32  Drone x6  
  73  6:42  Mutalisk x2  
  73  6:43  Mutalisk  
  79  7:11  Roach  
  79  7:12  Roach x3  
  87  7:17  Extractor  
  86  7:23  Drone x5  
  86  7:24  Drone x2  
  86  7:26  Glial Reconstitution  
  93  7:31  Drone  
  92  7:37  Roach  
  92  7:39  Overlord x4  
  94  7:45  Overlord  
  92  7:58  Overlord  
  92  7:59  Overlord  
  92  8:00  Roach x6  
  104  8:08  Queen  
  104  8:09  Queen x2  
  104  8:10  Queen  
  104  8:12  Ravager x3  
  114  8:15  Roach x4  
  114  8:16  Roach  
  125  8:20  Roach  
  125  8:21  Roach x2  
  125  8:25  Roach x2  
  125  8:26  Roach x2  
  139  8:30  Overlord, Zergling x2  
  139  8:31  Zergling x6  
  143  8:36  Overlord  
  140  8:43  Overlord  
  140  8:52  Zerg Missile Weapons Level 1  
  140  8:53  Zerg Melee Weapons Level 2  
  140  8:55  Zergling x4  
  140  8:56  Zergling x14  
  140  8:57  Zergling x6  
  152  9:04  Zergling x12  
  104  9:27  Zergling x4  
  104  9:28  Zergling x16  
  95  9:32  Queen x4  
  95  9:36  Zergling x12  
  95  9:37  Zergling x4  
  111  9:42  Zergling x2  
  107  9:51  Zergling x6  
  107  9:52  Zergling x2  
  89  10:01  Mutalisk x3  
  89  10:02  Mutalisk  
  89  10:04  Zergling x6  
  89  10:05  Zergling x2  
  95  10:07  Queen  
  95  10:14  Zergling x4  
  91  10:23  Zergling x8  
  87  10:28  Zergling x6  
  85  10:38  Zergling x6  
  85  10:39  Zergling x6  
  82  10:45  Zergling x10  
  85  10:54  Zergling x6  
Show
View Real Time Build Order
Export as new Build Order

Fullmetal Terran - Winner!

Build Orders: Liberator Opening, Reaper Expand, Bio Tank, MMM Bio 

Get SALT Encoding   

  12  0:01  SCV  
  13  0:13  SCV  
  14  0:18  Supply Depot  
  14  0:25  SCV  
  15  0:39  SCV  
  15  0:42  Barracks  
  16  0:46  Refinery  
  16  0:51  SCV  
  17  1:03  SCV  
  18  1:15  SCV  
  19  1:28  Orbital Command  
  19  1:30  Reaper  
  20  1:40  Command Center  
  20  1:50  Supply Depot  
  20  1:54  SCV  
  21  2:04  Barracks Reactor, Refinery  
  21  2:06  SCV  
  22  2:18  SCV  
  23  2:27  Factory  
  23  2:33  SCV  
  24  2:41  Marine x2  
  26  2:49  SCV  
  27  2:55  Orbital Command  
  27  3:01  SCV  
  28  3:13  Barracks Tech Lab  
  28  3:14  SCV, Starport  
  28  3:16  Barracks Reactor  
  29  3:20  Hellion  
  29  3:21  SCV, Hellion  
  34  3:27  Supply Depot  
  34  3:28  Refinery  
  34  3:32  SCV  
  34  3:33  SCV  
  36  3:42  Hellion x2  
  36  3:44  SCV  
  36  3:45  SCV  
  42  3:52  Liberator  
  42  3:53  Liberator  
  42  3:57  SCV  
  43  4:03  Hellion  
  43  4:04  Hellion  
  43  4:07  SCV  
  49  4:16  SCV  
  53  4:19  Supply Depot  
  53  4:20  SCV  
  54  4:28  Barracks Tech Lab  
  54  4:31  Supply Depot  
  54  4:35  Barracks, Liberator  
  54  4:37  Barracks  
  54  4:38  Factory Reactor  
  54  4:40  SCV, Liberator  
  54  4:41  SCV  
  56  4:47  Supply Depot  
  56  4:52  SCV  
  60  4:57  Supply Depot  
  60  4:59  SCV  
  64  5:01  Marauder  
  64  5:02  Stimpack  
  64  5:05  SCV  
  67  5:15  SCV  
  68  5:24  SCV  
  68  5:26  Factory Tech Lab  
  69  5:28  Liberator  
  69  5:33  Marine  
  69  5:34  Marine  
  70  5:44  SCV x2, Marine  
  70  5:45  Engineering Bay, Barracks  
  70  5:46  Barracks  
  70  5:47  Engineering Bay  
  70  5:49  Refinery  
  76  5:51  Marine  
  76  5:56  SCV  
  78  5:58  SCV  
  78  5:59  Marine x3  
  78  6:00  Siege Tank  
  85  6:05  Marine  
  86  6:21  Terran Infantry Weapons Level 1  
  86  6:22  Terran Infantry Armor Level 1  
  86  6:24  SCV  
  86  6:25  Marine x2  
  84  6:27  Command Center  
  84  6:29  SCV  
  84  6:30  Marine  
  85  6:37  SCV  
  86  6:43  Barracks Reactor, Supply Depot  
  86  6:44  Supply Depot  
  86  6:47  Liberator  
  86  6:48  Liberator  
  86  7:04  Supply Depot, Marine x2  
  86  7:05  Barracks Reactor, Siege Tank, Marine x2  
  86  7:07  Marine  
  97  7:16  Combat Shields  
  97  7:18  SCV x2  
  97  7:20  Marine  
  97  7:21  Marine  
  97  7:22  Marine x2  
  98  7:23  Marine  
  98  7:24  Armory  
  98  7:25  Missile Turret  
  101  7:30  Missile Turret  
  101  7:32  Missile Turret, Marine  
  101  7:35  SCV  
  101  7:36  Liberator  
  103  7:40  Siege Tank  
  103  7:43  Missile Turret, Marine x2  
  103  7:44  Marine  
  109  7:46  Marine  
  109  7:48  Supply Depot  
  110  7:56  SCV  
  110  7:57  SCV, Marine, Liberator  
  110  7:58  Marine x2  
  118  8:06  Orbital Command  
  118  8:07  Marine x2  
  118  8:08  SCV, Marine x3  
  124  8:18  Terran Infantry Weapons Level 2  
  127  8:21  Marine x2  
  127  8:22  Refinery  
  127  8:24  Terran Infantry Armor Level 2  
  129  8:27  Marine x2  
  129  8:28  Marine  
  129  8:31  Supply Depot  
  129  8:34  Marine  
  132  8:35  Marine, Liberator  
  132  8:36  Supply Depot  
  132  8:38  Siege Tank  
  132  8:40  Marine x2  
  129  8:44  Marine x2  
  129  8:46  Missile Turret  
  131  8:50  Marine x2  
  136  8:56  SCV x2  
  136  8:59  Marine x2  
  136  9:00  Supply Depot, Marine  
  136  9:02  Supply Depot, Liberator, Marine x2  
  139  9:18  Liberator  
  139  9:20  Marine x2  
  139  9:21  Marauder, Marine x4  
  125  9:27  Marine x2  
  120  9:31  Barracks  
  120  9:34  Barracks  
  123  9:38  Marine x2  
  123  9:42  Marauder  
  123  9:43  Marine  
  123  9:45  Marine x2  
  124  9:49  Starport  
  124  9:50  Marine x2  
  121  9:53  Siege Tank  
  119  10:00  Marine x3  
  116  10:07  Medivac  
  116  10:09  Marine  
  116  10:10  Marine  
  116  10:12  Command Center  
  118  10:14  Marine  
  118  10:15  Marine x2  
  118  10:18  Marine, Medivac  
  118  10:19  Marine  
  118  10:21  Marine  
  123  10:24  Barracks Reactor  
  123  10:25  Barracks Reactor  
  120  10:31  Starport Reactor  
  120  10:33  Supply Depot, Marine x2  
  118  10:38  Marine x3  
  118  10:39  Marine  
  117  10:43  Marine x3  
  120  10:51  Marine  
  120  10:52  Marine  
Tags
 
Add a new tag
Caveats
  • Supply blocks, unpowered buildings, or Contaminate may cause inaccurate times.
  • Supply counts are checked every 10 seconds.